 Dungeon Crawl Stone Soup version 0.25-a0-156-g0c4bda3fdf (webtiles) character file.

Game seed: 12400429158908304791, levelgen mode: deterministic

56 Leeroy the Slasher (level 3, 0/29 HPs)
             Began as a Draconian Skald on Nov 20, 2019.
             Slain by a river rat (10 damage)
             ... in a sewer.
             The game lasted 00:02:41 (1626 turns).

Leeroy the Slasher (Draconian Skald)                Turns: 1626, Time: 00:02:41

Health: 0/29       AC:  6    Str: 13    XL:     3   Next: 71%
Magic:  6/6        EV: 12    Int: 13    God:
Gold:   145        SH:  0    Dex: 11    Spells: 5/6 levels left

rFire    . . .     SeeInvis .   s - +2 dagger (speed)
rCold    . . .     Gourm    .   (no shield)
rNeg     . . .     Faith    .   (armour unavailable)
rPois    .         Spirit   .   (helmet restricted)
rElec    .         Reflect  .   f - +0 cloak
rCorr    .         Harm     .   (no gloves)
MR       .....                  (no boots)
Stlth    +.........             (no amulet)
HPRegen  0.09/turn              (no ring)
MPRegen  0.10/turn              (no ring)

@: no status effects
A: unfitting armour, cold-blooded, AC +5
a: no special abilities


You were in a sewer.
You were hungry.

You visited 1 branch of the dungeon, and saw 3 of its levels.
You also visited: Sewer.

You collected 145 gold pieces.

Inventory:

Hand Weapons
 a - a +0 falchion
 s - a +2 dagger of speed (weapon)
Missiles
 t - 3 stones (quivered)
Armour
 f - a +0 cloak (worn)
 j - a +0 cloak
Jewellery
 q - an uncursed ring of magical power {unknown}
Scrolls
 b - 4 scrolls of teleportation {unknown}
 e - 2 scrolls of enchant weapon {unknown}
 i - a scroll of noise {unknown}
 k - 4 scrolls of identify {unknown}
 l - 2 scrolls of remove curse {unknown}
 n - a scroll of magic mapping {unknown}
 p - a scroll of amnesia {unknown}
Potions
 d - 2 potions of curing {unknown}
 g - a potion of berserk rage {unknown}
 h - 2 potions of heal wounds {unknown}
 m - 2 potions of flight {unknown}
 o - a potion of brilliance {unknown}
Comestibles
 c - 4 rations
 r - 2 chunks of flesh


   Skills:
 - Level 2.1 Fighting
 + Level 4.1 Long Blades
 - Level 2.1 Dodging
 - Level 2.0 Spellcasting
 - Level 2.6 Charms


You had 5 spell levels left.
You knew the following spells:

 Your Spells              Type           Power        Failure   Level  Hunger
a - Infusion              Chrm           #...         9%          1    ##.....

Your spell library contained the following spells:

 Spells                   Type           Power        Failure   Level  Hunger
 Song of Slaying          Chrm           #.......     13%         2    ###....
 Shroud of Golubria       Chrm/Tloc      #.....       22%         2    ###....
 Regeneration             Chrm/Necr      #.........   41%         3    ####...
 Spectral Weapon          Hex/Chrm       #.......     41%         3    ####...


Dungeon Overview and Level Annotations

Branches:
Dungeon (3/15)              Sewer (1/1)

Altars:


Innate Abilities, Weirdness & Mutations

Your plain brown scales are hard. (AC +5)
You cannot fit into any form of body armour.
You are cold-blooded and may be slowed by cold attacks.


Message History

The rat is moderately wounded.
The rat misses you.
You hit the rat.
You kill the rat!
The rat bites you but does no damage.
You hit the river rat.
The river rat is lightly wounded.
The rat bites you but does no damage.
You hit the river rat. You tail-slap the river rat.
The river rat is moderately wounded.
The river rat bites you.
You are too injured to fight recklessly!
You are too injured to fight recklessly!
There are monsters nearby!
You hit the rat.
You kill the rat!
You closely miss the river rat.
The river rat is moderately wounded.
The river rat bites you!
You die...

≈≈≈≈.≈≈≈≈≈≈≈≈≈≈≈≈≈≈≈≈
≈≈≈≈≈≈≈≈≈≈≈≈≈≈≈≈≈≈≈≈≈≈≈≈≈≈≈≈≈≈≈≈
≈≈≈≈≈≈≈≈≈≈≈≈≈≈≈≈≈≈≈≈≈≈≈≈≈≈≈≈≈≈≈≈
≈≈≈≈≈≈≈≈≈.≈≈≈.≈≈≈≈≈≈≈≈≈≈≈≈≈≈≈≈≈≈
≈≈≈≈≈≈≈≈.....≈≈≈≈≈≈≈≈≈≈≈≈≈≈≈≈≈≈#
≈≈≈≈.≈..........≈≈...≈≈..≈≈≈≈≈≈#
.≈.................†......≈.≈..#
......†.............†..........)
..............r@..##.†.........#
......†.##.......#####........##
......#####..##...######...#####
#...## ###..#####..∩# ##### ###
#∩..## ##### #####


You could see a river rat.

Vanquished Creatures
  A river rat (Sewer)
  2 worms (D:2)
  3 leopard geckos (D:3)
  6 giant cockroaches
  5 goblins
  2 hobgoblins
  7 kobolds
  2 bats (D:1)
  11 rats
39 creatures vanquished.

Notes
Turn   | Place    | Note
-------+----------+-------------------------------------------
     0 | D:1      | Leeroy the Draconian Skald began the quest for the Orb.
     0 | D:1      | Reached XP level 1. HP: 17/17 MP: 3/3
   254 | D:1      | Reached XP level 2. HP: 24/24 MP: 5/5
   665 | D:2      | Reached skill level 3 in Long Blades
   758 | D:2      | Found a faded altar of an unknown god.
  1384 | D:3      | Reached XP level 3. HP: 24/29 MP: 6/6
  1506 | D:3      | Found a glowing drain.
  1520 | Sewer    | Entered a sewer
  1546 | Sewer    | Reached skill level 4 in Long Blades
  1626 | Sewer    | Slain by a river rat

Levels and vault maps discovered:
D:1:      dpeg_arrival_short_road, layout_loops_ring
D:2:      layout_basic, chequers_ecumenical_altar_simple,
          minmay_tree_intersection
D:3:      layout_loops_ring, gup_sewer_entry_pipe,
          nicolae_qazlal_eye_of_the_storm
Sewer:    sewer_minmay_treatment

Skill      XL: |  1  2  3 |
---------------+----------+-----
Long Blades    | 3 4 |  4.1
Fighting       | |  2.1
Dodging        | |  2.1
Spellcasting   | |  2.0
Charms         | |  2.6

Action                   || total
-------------------------++-------
Melee: Falchion          ||   133
       Tailslap          ||    19
       Dagger            ||    11
 Cast: Infusion          ||     1
  Eat: Chunk             ||     2
Armor: Skin              ||    35
Dodge: Dodged            ||    94
       Rpst.: Falchion   ||    22

Table legend:
 A = Non-vault XP
 B = Vault XP
 C = Vault XP percentage of total XP
 D = Non-vault monster count
 E = Vault monster count
 F = Vault count percentage of total count
                 A         B        C        D         E       F
            +---------+---------+-------+---------+---------+-------
      Total |      41 |      40 |  49.4 |      22 |      17 |  43.6
            +---------+---------+-------+---------+---------+-------
        D:1 |      18 |       0 |   0.0 |      12 |       0 |   0.0
        D:2 |      21 |       0 |   0.0 |       8 |       0 |   0.0
        D:3 |       2 |      17 |  89.5 |       2 |       7 |  77.8
      Sewer |       0 |      23 | 100.0 |       0 |      10 | 100.0
            +---------+---------+-------+---------+---------+-------
